[Event "Late-Titled-Tuesday-Blitz-April-23-2024"]
[Site "Chess.com"]
[Date "2024.04.23"]
[Round "8"]
[White "KebabJangles"]
[Black "HajiyevKanan"]
[Result "0-1"]
[WhiteElo "2264"]
[BlackElo "2617"]
[TimeControl "180+1"]
[EndTime "15:29:50 PDT"]
[Termination "HajiyevKanan won by checkmate"]

1. d4 d5 2. c4 c6 3. Nf3 Nf6 4.
g3 a6 5. Bg2 g6 6. Ne5 Bg7 7. O-O Nbd7 8. cxd5 Nxe5 9. dxe5 Nxd5 10. f4 h5 11. e4 Qb6+ 12. Kh1 Ne3 13. Bxe3 Qxe3 14. Qd2 Qa7 15. h4 Bg4 16. Nc3 Rd8 17. Qf2 Qxf2 18. Rxf2 Rd3 19. Kh2 O-O 20. Bh3 Rfd8 21.
Bxg4 hxg4 22. Rc1 e6 23. Kg2 Bf8 24. Rcc2 Bc5 25. Rfe2 Bd4 26. Na4 b5 27. Nc5 Bxc5 28.
Rxc5 Rd2 29. Rc2 Rxe2+ 30. Rxe2 c5 31. Kf2 c4 32. Rc2 Rd3 33. a3 Kf8 34. Kg2 Ke7 35. Re2 a5 36. Rc2 Rd4 37. Kf2 Rxe4 38. Rd2 b4 39.
axb4 axb4 40. Rd6 b3 41. Rd2 c3 42. bxc3 Rc4 43. Rd3 b2 44. Rd1 Rxc3 45. Rb1 Rb3 46.
Kg2 Kd7 47. Kf2 Kc6 48. Ke2 Rxg3 49. Kd2 Rb3 50. Kc2 Rb4 51. Kc3 Kc5 52. Kd3 Kd5 53. Kc3 Rb7 54. Rd1+ Ke4 55. Rb1 Kxf4 56. Kd4 g3 57.
Kc5 g2 58. Kc6 Rb3 59. Kd7 Kxe5 60. Ke7 f5 61. Kf7 g1=Q 62. Rxg1 b1=Q 63. Rxg6 Rb7+ 64. Kg8 Qb5 65. Kh8 Qe8+ 66. Rg8 Qh5# 0-1

[Event "Late-Titled-Tuesday-Blitz-April-23-2024"]
[Site "Chess.com"]
[Date "2024.04.23"]
[Round "8"]
[White "super_emi_26"]
[Black "merinasian"]
[Result "1-0"]
[WhiteElo "2701"]
[BlackElo "2516"]
[TimeControl "180+1"]
[EndTime "15:29:50 PDT"]
[Termination "super_emi_26 won by resignation"]

1. b3 e5 2. Bb2 d6 3. e3 g6 4. f4 Bg7 5. Nf3 Nd7 6. Be2 Ne7 7.
O-O O-O 8. fxe5 Nxe5 9. Nc3 c6 10. Nxe5 dxe5 11. Bc4 Nd5 12. Qf3 Be6 13. Ne4 b5 14.
Bxd5 Bxd5 15. Nf6+ Kh8 16. e4 Be6 17. d3 Qe7 18.
Bxe5 Bxb3 19. Qg3 Bxc2 20. Bd6 Qe6 21. Bxf8 Rxf8 22. Rac1 Bxd3 23. Qxd3 Bxf6 24. Qa3 Bd4+ 25. Kh1 c5 26. Qxa7 Kg7 27. Qb7 b4 28. Rc2 Re8 29.
Re1 Re7 30. Qa8 h5 31. Rce2 h4 32. Qd5 Qf6 33. e5 Qg5 34. h3 Qg3 35. Qf3 Qxf3 36.
gxf3 c4 37. Re4 Bc3 38. Rd1 Rxe5 39. Rxe5 Bxe5 40. Rd5 Bf6 41. Rc5 c3 42. Kg2 Be7 43.
Rc4 Kf6 44. f4 Kf5 45. Kf3 Bd6 46. Rd4 Bc5 47. Rd5+ Ke6 48. Rxc5 Kd6 49. Rc8 1-0

[Event "Late-Titled-Tuesday-Blitz-April-23-2024"]
[Site "Chess.com"]
[Date "2024.04.23"]
[Round "8"]
[White "rhwr"]
[Black "maurovargas01"]
[Result "1-0"]
[WhiteElo "2299"]
[BlackElo "1931"]
[TimeControl "180+1"]
[EndTime "15:29:53 PDT"]
[Termination "rhwr won by checkmate"]

1. e4 c5 2. Nf3 d6 3. d4 cxd4 4.
Nxd4 Nc6 5. Nc3 Bd7 6. Be2 g6 7. Be3 Bg7 8. O-O Nf6 9. h3 O-O 10. Qd2 Rc8 11. Nb3 Ne5 12. a4 Nc4 13. Bxc4 Rxc4 14.
Bxa7 Nxe4 15. Nxe4 Rxe4 16. a5 Bxb2 17. Rab1 Bg7 18.
Bb6 Qc8 19. Qd3 Bc6 20. Nd4 Re5 21. Nxc6 Qxc6 22. c4 Rg5 23. f3 Be5 24. Be3 Rh5 25.
Rb6 Qd7 26. f4 Bg7 27. Rb5 Rc5 28. Bxc5 Qe6 29. Bf2 Rc8 30. Re1 Qf6 31. Rxb7 Qxf4 32. Rexe7 Qf6 33. Rxf7 Qa1+ 34. Kh2 Be5+ 35. Bg3 Bxg3+ 36.
Qxg3 Qe5 37. Qxe5 dxe5 38. Rg7+ Kf8 39. Rxh7 Kg8 40. Rbg7+ Kf8 41. Rh8+ Kxg7 42. Rxc8 Kf6 43. a6 Kf5 44. a7 e4 45. a8=Q Kf4 46. Qd5 Ke3 47. Re8 Kf2 48. Qxe4 g5 49. Rf8# 1-0

[Event "Late-Titled-Tuesday-Blitz-April-23-2024"]
[Site "Chess.com"]
[Date "2024.04.23"]
[Round "8"]
[White "lluiss"]
[Black "ChessGiantYouTube"]
[Result "0-1"]
[WhiteElo "2148"]
[BlackElo "2353"]
[TimeControl "180+1"]
[EndTime "15:29:54 PDT"]
[Termination "ChessGiantYouTube won on time"]

1. Nf3 g6 2. d4 Bg7 3. c4 d6 4. g3 e6 5. Bg2 h6 6. O-O Ne7 7. Nc3 Nd7 8. e4 b6 9. e5 Bb7 10. Re1 O-O 11. Bf4 dxe5 12. Nxe5 Bxg2 13. Kxg2 Nxe5 14. Bxe5 Bxe5 15. dxe5 Qxd1 16. Raxd1 Rfd8 17. Ne4 Kg7 18. Nf6 Ng8 19. Ne4 Ne7 20. f4 Nc6 21. Nf6 Ne7 22. Kf3 Nf5 23. Ke4 Ne7 24. g4 Ng8 25. g5 h5 26. Nd7 Ne7 27. Rd3 a6 28. Red1 Nc6 29. c5 b5 30. Nf6 Kf8 31. Rd7 Rac8 32. a3 Rxd7 33. Rxd7 Nb8 34. Rd3 Nc6 35. b4 Rd8 36. Rxd8+ Nxd8 37. Nd7+ Ke7 38.
Nb8 c6 39. Nxa6 Kd7 40. Kd3 Kc8 41. a4 bxa4 42. b5 cxb5 43. Nb4 a3 0-1

[Event "Late-Titled-Tuesday-Blitz-April-23-2024"]
[Site "Chess.com"]
[Date "2024.04.23"]
[Round "8"]
[White "LeninGuerra"]
[Black "rynos0411"]
[Result "1-0"]
[WhiteElo "2674"]
[BlackElo "2509"]
[TimeControl "180+1"]
[EndTime "15:29:55 PDT"]
[Termination "LeninGuerra won by resignation"]

1. e4 c5 2. Nf3 d6 3. b4 cxb4 4. a3 bxa3 5. Bxa3 Nf6 6. Bd3 g6 7. O-O Bg7 8. c3 O-O 9. Bc2 Nc6 10. d4 d5 11. e5 Ne4 12. Re1 f6 13. Bxe4 dxe4 14. Rxe4 fxe5 15. d5 Bf5 16. Ra4 e4 17. Nh4 Ne5 18. Nxf5 gxf5 19. Qb3 Kh8 20. Nd2 b6 21. Bb2 Nd3 22. Rxa7 Rxa7 23. Rxa7 Nxb2 24. Qxb2 Qxd5 25. Rxe7 Rd8 26. Nf1 Qc5 27. Rb7 Bxc3 28. Qxb6 Qxb6 29. Rxb6 Kg7 30. g3 Bd4 31. Rb7+ Kg6 32.
Kg2 Bc5 33. Rc7 Rd5 34. h4 h5 35. Rc6+ Kg7 36. Re6 Bd4 37. g4 hxg4 38. Ng3 Kf7 39.
Rc6 f4 40. Nxe4 Be5 41. Ng5+ Kg7 42. Rc1 f3+ 43. Kf1 Bf4 44. Ne6+ Kh6 45. Nxf4 Rf5 46. Rc4 Ra5 47. Ke1 Ra2 48. Rc6+ Kg7 49. h5 Ra4 50.
Rg6+ Kh7 51. Rxg4 1-0

[Event "Late-Titled-Tuesday-Blitz-April-23-2024"]
[Site "Chess.com"]
[Date "2024.04.23"]
[Round "8"]
[White "DanielNaroditsky"]
[Black "Jospem"]
[Result "0-1"]
[WhiteElo "2968"]
[BlackElo "3096"]
[TimeControl "180+1"]
[EndTime "15:29:57 PDT"]
[Termination "Jospem won on time"]

1. Nf3 c5 2. e4 d6 3. Bb5+ Bd7 4. Bxd7+ Nxd7 5. c4 Ngf6 6. Nc3 Ne5 7. d3 e6 8. O-O Be7 9. Ng5 h6 10. Nh3 Nc6 11.
f4 a6 12. f5 Qd7 13. Nf4 Ne5 14. fxe6 fxe6 15. Na4 Bd8 16. b4 cxb4 17. Bb2 O-O 18. c5 Nc6 19. Ng6 Re8 20. cxd6 e5 21. d4 exd4 22. Nc5 Qxd6 23. Qb3+ Kh7 24. Nxb7 Qd7 25. Nc5 Qg4 26. Nf4 Bb6 27. Ncd3 Ne5 28. h3 Qg3 29.
Nxe5 Qxb3 30. axb3 Rxe5 31. Nd3 Rxe4 32. Kh1 Re3 33. Rad1 Ne4 34. Rf7 a5 35. Ne5 Nc3 36.
Nc4 Nxd1 37. Nxb6 Rd8 38. Bc1 Re1+ 39. Kh2 Ne3 40. Bb2 Rb1 41. Rf2 Nd1 42. Rd2 Nxb2 43. Re2 d3 44. Re7 d2 45. Nd7 Rxd7 0-1

[Event "Late-Titled-Tuesday-Blitz-April-23-2024"]
[Site "Chess.com"]
[Date "2024.04.23"]
[Round "8"]
[White "DamianoLew95"]
[Black "baki83"]
[Result "1-0"]
[WhiteElo "2758"]
[BlackElo "2905"]
[TimeControl "180+1"]
[EndTime "15:29:58 PDT"]
[Termination "DamianoLew95 won on time"]

1. e4 c5 2. Nf3 d6 3. Bb5+ Nd7 4. O-O a6 5. Bd3 e5 6. c3 Be7 7. Bc2 Ngf6 8. d4 O-O 9. a4 b6 10. Re1 Bb7 11. d5 b5 12. Qe2 c4 13. Na3 Nc5 14.
Bd2 Qd7 15. Bg5 h6 16. Bxf6 Bxf6 17. Reb1 Rfb8 18. axb5 axb5 19. b4 cxb3 20. Bd3 Ba6 21. Nd2 b2 22. Rxb2 Nxd3 23. Qxd3 b4 24. Qb1 Bg5 25.
cxb4 Be2 26. Ndc4 Qg4 27. h3 Qh5 28. Nxd6 Bf4 29. Nf5 g6 30. Ng3 Bxg3 31. fxg3 Ba6 32. b5 Bc8 33. Nc4 Qg5 34. Rxa8 Rxa8 35. Kh2 Bd7 36. Nb6 Ra3 37. Rb3 Rxb3 38. Qxb3 Bxh3 39. Nc4 Bc8 40. b6 Qh5+ 41. Kg1 Qe2 42. Ne3 Ba6 43.
Qc3 Kg7 44. Qxe5+ Kh7 45. Qc3 1-0

[Event "Late-Titled-Tuesday-Blitz-April-23-2024"]
[Site "Chess.com"]
[Date "2024.04.23"]
[Round "8"]
[White "masterofpuppets2"]
[Black "teresin05"]
[Result "1-0"]
[WhiteElo "2484"]
[BlackElo "2332"]
[TimeControl "180+1"]
[EndTime "15:29:58 PDT"]
[Termination "masterofpuppets2 won by checkmate"]

1. d4 d5 2. c4 c6 3. cxd5 cxd5 4. Bf4 Nc6 5. e3 Nf6 6. Nc3 a6 7. Be2 Bf5 8. Nf3 h6 9. Qb3 Na5 10. Qa4+ b5 11. Qd1 e6 12. O-O Be7 13. Bd3 Bxd3 14.
Qxd3 O-O 15. Rac1 Rc8 16. h3 Nc4 17. b3 Nb6 18. Ne5 Nfd7 19. Bh2 Nxe5 20. dxe5 Ba3 21. Rcd1 Qc7 22. Ne2 Qc2 23. Nd4 Qxd3 24. Rxd3 Rc7 25.
f4 Rfc8 26. Bg3 Rc1 27. Be1 Nd7 28. Bd2 Rxf1+ 29. Kxf1 b4 30. Be1 Nc5 31. Rd2 Ne4 32. Rc2 Nc3 33. Bxc3 bxc3 34. Ke2 Kf8 35. Kd3 Ke7 36. Ne2 Kd7 37. Nxc3 Rb8 38. Ne2 Bb4 39. Nd4 Be7 40. g4 g6 41. Rc6 Ra8 42. Rc2 a5 43. a4 Ra7 44. Nb5 Rb7 45. e4 dxe4+ 46. Kxe4 Bb4 47. Rc4 Ke7 48. Rc6 Rd7 49. Nd4 Rb7 50.
f5 gxf5+ 51. gxf5 exf5+ 52. Nxf5+ Kf8 53. Rc8# 1-0

[Event "Late-Titled-Tuesday-Blitz-April-23-2024"]
[Site "Chess.com"]
[Date "2024.04.23"]
[Round "8"]
[White "nihalsarin"]
[Black "GMBenjaminBok"]
[Result "1-0"]
[WhiteElo "3144"]
[BlackElo "3040"]
[TimeControl "180+1"]
[EndTime "15:30:00 PDT"]
[Termination "nihalsarin won by resignation"]

1. e4 c5 2. Nc3 d6 3. g4 Nc6 4. Bg2 g6 5. d3 Bg7 6. h4 h5 7. g5 Rb8 8. a4 e6 9. Nge2 Nge7 10. O-O a6 11. Be3 b5 12. axb5 axb5 13. d4 b4 14. Na4 cxd4 15. Nxd4 Ne5 16. Nf3 N7c6 17. Nxe5 Nxe5 18. Bd4 O-O 19. b3 Qc7 20. Nb2 Bd7 21. Ra7 Rb7 22. Rxb7 Qxb7 23. f4 Ng4 24. Nc4 Qc7 25.
Bb6 Qb8 26. Qxd6 Bb5 27. e5 Rc8 28. Qxb8 Rxb8 29. Ba7 Rc8 30. Nd6 Rxc2 31. Nxb5 Ne3 32. Bxe3 Bf8 33. Nd4 Rc3 34. Rf3 Bc5 35. Kf2 Rd3 36.
Ne2 Bxe3+ 37. Rxe3 Rd2 38. Re4 Rb2 39. Rxb4 Kg7 40.
Rb7 Rb1 41. Bc6 Rb2 42. Be8 Kf8 43. Bxf7 Kg7 44. Bxe6+ Kf8 45. f5 gxf5 46. g6 Ke8 47.
g7 Rxe2+ 48. Kxe2 1-0

[Event "Late-Titled-Tuesday-Blitz-April-23-2024"]
[Site "Chess.com"]
[Date "2024.04.23"]
[Round "8"]
[White "Sandstad"]
[Black "MarlonJodar"]
[Result "0-1"]
[WhiteElo "2438"]
[BlackElo "2276"]
[TimeControl "180+1"]
[EndTime "15:30:00 PDT"]
[Termination "MarlonJodar won by resignation"]

1. d4 d5 2. c4 c6 3. e3 Nf6 4.
Nc3 e6 5. Nf3 Nbd7 6. Qc2 Bd6 7.
a3 O-O 8. b4 b6 9. Bb2 Bb7 10. Rd1 Rc8 11. c5 Bb8 12. Be2 e5 13. O-O e4 14. Nd2 Re8 15. Rde1 Nf8 16. Nd1 Ng6 17. f4 Qd7 18. h3 h5 19. Kh2 Qf5 20. g3 Rc7 21. Rf2 Bc8 22. Bf1 h4 23. g4 Nxg4+ 24.
hxg4 Qxg4 25. Rg2 Qh3+ 26. Kg1 Rce7 27. Nf2 Qd7 28. Nb3 Bxf4 29. exf4 Nxf4 30. Rg4 e3 31.
Rxe3 Rxe3 32. Rxf4 Rg3+ 33. Kh1 Ree3 34. Rxh4 Rxb3 35.
Bc1 Qf5 36. Qxf5 Bxf5 37. Bf4 Rgf3 38. Kg2 f6 39. Bd6 g5 40. Rh2 Rfc3 41. Be2 Rb2 42.
Kf1 Rc1+ 43. Bd1 Bc2 44. Ke1 Bxd1 45. Nxd1 Rxh2 0-1

[Event "Late-Titled-Tuesday-Blitz-April-23-2024"]
[Site "Chess.com"]
[Date "2024.04.23"]
[Round "8"]
[White "protectiago"]
[Black "zacachess"]
[Result "0-1"]
[WhiteElo "2070"]
[BlackElo "2317"]
[TimeControl "180+1"]
[EndTime "15:30:01 PDT"]
[Termination "zacachess won on time"]

1. d4 Nf6 2. c4 e6 3. g3 Bb4+ 4.
Bd2 Qe7 5. Bg2 Nc6 6. Nf3 Bxd2+ 7.
Qxd2 Ne4 8. Qc2 Qb4+ 9. Nbd2 Nxd2 10. Qxd2 Qxc4 11. Rc1 Qxa2 12. O-O Qa5 13. Qf4 d6 14. Ng5 Qf5 15. Rxc6 Qxf4 16. gxf4 bxc6 17. Bxc6+ Ke7 18. Bxa8 Ba6 19. Bf3 Rb8 20. Rc1 Rc8 21. Ra1 Bc4 22.
Rxa7 h6 23. Ne4 Kd8 24. Nd2 Bb5 25. Ra8 Rxa8 26. Bxa8 Bxe2 27. b4 Bb5 28. Nb1 Ke7 29. Nc3 Bd3 30. d5 Kf6 31. Kg2 g5 32. fxg5+ hxg5 33. Kf3 Ke5 34. Ke3 Bc4 35. b5 exd5 36.
Ne2 f5 37. Nd4 f4+ 38. Kf3 Kxd4 39. Kg4 Ke5 40. Kxg5 d4 41. b6 cxb6 42. h4 d3 43. Bf3 d2 44. h5 Bb3 45. h6 Bc2 46. Bd1 Bd3 47. Be2 Bh7 48. f3 b5 49. Bd1 b4 50.
Be2 b3 0-1

[Event "Late-Titled-Tuesday-Blitz-April-23-2024"]
[Site "Chess.com"]
[Date "2024.04.23"]
[Round "8"]
[White "chess_sharparchitect"]
[Black "ImportedItalianMaple"]
[Result "0-1"]
[WhiteElo "2250"]
[BlackElo "2463"]
[TimeControl "180+1"]
[EndTime "15:30:02 PDT"]
[Termination "ImportedItalianMaple won on time"]

1. c4 g6 2. Nc3 Bg7 3. d4 d6 4. e4 Nc6 5. Be3 e5 6. d5 Nd4 7. Nge2 Nxe2 8. Bxe2 f5 9. exf5 Bxf5 10. Qd2 Nf6 11.
Bh6 Qd7 12. O-O O-O 13. Rad1 Rae8 14. b4 Bxh6 15. Qxh6 Qg7 16. Qe3 Ng4 17. Qxa7 e4 18. Qd4 Ne5 19. c5 Nd3 20. Qxg7+ Kxg7 21. cxd6 cxd6 22. g4 Bd7 23. Bxd3 exd3 24. Rxd3 Bxg4 25. Re3 Rc8 26. Rfe1 Rc4 27. Re7+ Rf7 28. Rxf7+ Kxf7 29. Ne4 Rxb4 30. Nxd6+ Kf6 31. Ne4+ Ke5 32. Nc3+ Kd4 33. Ne2+ Kxd5 34. Ng3 Bf3 35. h4 Rxh4 36. Re3 Rf4 37.
a3 b5 38. Kf1 h5 39. Kg1 h4 40. Nf1 g5 41. Kh2 g4 42. Nd2 Bd1 43. Rd3+ Rd4 44. Rxd4+ Kxd4 45. Nf1 Be2 46. Ne3 g3+ 47. Kg2 gxf2 48.
Kxf2 Bd3 0-1

[Event "Late-Titled-Tuesday-Blitz-April-23-2024"]
[Site "Chess.com"]
[Date "2024.04.23"]
[Round "8"]
[White "chessdjw"]
[Black "dolynachess"]
[Result "1-0"]
[WhiteElo "2784"]
[BlackElo "2540"]
[TimeControl "180+1"]
[EndTime "15:30:03 PDT"]
[Termination "chessdjw won by checkmate"]

1. d4 Nf6 2. c4 c5 3. e3 g6 4.
Nc3 Bg7 5. d5 O-O 6. Nf3 e6 7. Be2 exd5 8. cxd5 d6 9. Nd2 Re8 10.
O-O Na6 11. h3 Nc7 12. e4 Rb8 13. a4 b6 14. Bb5 Bd7 15. Re1 a6 16. Bf1 b5 17. a5 b4 18. Na4 Bxa4 19. Rxa4 Nb5 20. Bd3 Qd7 21. Nc4 Nd4 22. Nb6 Qb7 23. Bf4 Rbd8 24.
Qb1 Nd7 25. Nc4 Ne5 26. Bxe5 Bxe5 27. Nxe5 Rxe5 28. f4 Re7 29. Bc4 Rde8 30. Qd3 Kg7 31. Bxa6 Qa7 32. Bc4 f5 33. e5 dxe5 34. fxe5 Rxe5 35.
Rxe5 Rxe5 36. Ra1 h5 37. Qg3 Ne2+ 38. Bxe2 Rxe2 39. a6 c4+ 40. Kh1 Kh7 41. d6 Rxb2 42. Re1 Qxa6 43. Re7+ Kg8 44. Qxg6+ Kf8 45. Qf7# 1-0

[Event "Late-Titled-Tuesday-Blitz-April-23-2024"]
[Site "Chess.com"]
[Date "2024.04.23"]
[Round "8"]
[White "LikeWater"]
[Black "PositionalPanther"]
[Result "1-0"]
[WhiteElo "2660"]
[BlackElo "2538"]
[TimeControl "180+1"]
[EndTime "15:30:04 PDT"]
[Termination "LikeWater won by checkmate"]

1. e4 e6 2. d4 d5 3. exd5 exd5 4. Nf3 Nc6 5. Nc3 Nf6 6. Bb5 Bd6 7. O-O O-O 8. Bg5 Be6 9. Bxc6 bxc6 10. Ne5 c5 11. f4 cxd4 12. Qxd4 c5 13. Qd3 c4 14. Qd4 Qb6 15.
Qxb6 axb6 16. Bxf6 gxf6 17. Nf3 Bc5+ 18. Kh1 d4 19.
Nb5 d3 20. cxd3 cxd3 21. b3 Rfc8 22. Rfd1 Bd7 23. Nbd4 Ba3 24. Rxd3 Bb2 25. Rb1 Rxa2 26. Rd2 Bxd4 27. Rxa2 Be3 28. Rd1 Bg4 29. Ra4 Bxf3 30. gxf3 Rc2 31. Re4 Bc5 32. b4 Bf2 33. f5 Kg7 34.
Rg4+ Kh6 35. Rg2 Rb2 36. h3 Kh5 37. Kh2 h6 38. Rd7 Kh4 39. Rxf7 Bd4 40. Rxb2 Bxb2 41.
Rg7 h5 42. Kg2 Bd4 43. Rd7 Be5 44. b5 Kg5 45. Rh7 Kh4 46. Kf2 Kxh3 47. Rxh5# 1-0

[Event "Late-Titled-Tuesday-Blitz-April-23-2024"]
[Site "Chess.com"]
[Date "2024.04.23"]
[Round "8"]
[White "Kavyev_Ruslan"]
[Black "martinmena"]
[Result "1-0"]
[WhiteElo "2380"]
[BlackElo "2160"]
[TimeControl "180+1"]
[EndTime "15:30:05 PDT"]
[Termination "Kavyev_Ruslan won by checkmate"]

1. d4 d5 2. Nf3 Nf6 3. c4 e6 4. g3 Be7 5. Bg2 O-O 6. Nc3 dxc4 7.
Ne5 Nc6 8. Bxc6 bxc6 9. Nxc6 Qe8 10. Nxe7+ Qxe7 11. Qa4 Bb7 12. O-O c5 13. Qxc4 Rac8 14. dxc5 Rxc5 15. Qb4 Qc7 16. f3 Rd8 17. Be3 Rc4 18.
Qb3 Nd5 19. Nxd5 Bxd5 20. Qa3 Qe5 21. Rac1 h6 22. Kf2 Rh4 23. gxh4 Qxh2+ 24. Ke1 Bxf3 25. Rxf3 Qxh4+ 26. Rf2 Qh1+ 27. Rf1 Qh4+ 28. Bf2 Qf4 29. Qc3 Rd7 30. e3 Qe4 31. Ke2 Kh7 32. Rfd1 Qg4+ 33. Ke1 Qg2 34. Rxd7 Qh1+ 35. Kd2 Qf3 36. Kc2 Qxf2+ 37.
Kb3 Qf5 38. Rc7 Qb5+ 39. Kc2 Qf5+ 40. Qd3 g6 41. Qxf5 gxf5 42. Rxf7+ Kg6 43. Rxa7 h5 44.
b4 h4 45. b5 h3 46. b6 h2 47. b7 h1=Q 48. Rxh1 Kf6 49. Rg1 f4 50. b8=Q f3 51. Qf4# 1-0

[Event "Late-Titled-Tuesday-Blitz-April-23-2024"]
[Site "Chess.com"]
[Date "2024.04.23"]
[Round "8"]
[White "IngOscarArdila"]
[Black "zano2023"]
[Result "1-0"]
[WhiteElo "2269"]
[BlackElo "2159"]
[TimeControl "180+1"]
[EndTime "15:30:06 PDT"]
[Termination "IngOscarArdila won by resignation"]

1. d3 e5 2. Nd2 Nf6 3. e4 d6 4. Ngf3 Be7 5. Be2 O-O 6. O-O c6 7. c3 Nbd7 8. Qc2 Re8 9. Rd1 Nf8 10. Nf1 Ng6 11. Bg5 h6 12. Bd2 Bd7 13. Ng3 Qc8 14. a4 Ng4 15. b4 f5 16. exf5 Bxf5 17. Nxf5 Qxf5 18. h3 Nf6 19. Be3 d5 20. Qd2 Kh7 21. Nh2 Nf4 22. Bxf4 exf4 23. Ng4 Bd6 24.
Nxf6+ Qxf6 25. Bf3 Re7 26. Re1 Rae8 27. d4 Qf5 28. Bg4 Qf6 29. Rxe7 Qxe7 30. Bf3 g6 31. a5 Kg7 32. Kf1 h5 33. Rd1 Qe6 34. Qd3 Kf6 35.
Qd2 Qe7 36. Qb2 Qe6 37. b5 Qd7 38. b6 a6 39. Qd2 Qf5 40. Kg1 Re7 41. Re1 Rxe1+ 42.
Qxe1 Qe6 43. Qd2 Qf5 44. Kf1 Qb1+ 45. Bd1 Qb5+ 46. Kg1 Qxa5 47. Qd3 Qxb6 48. Bc2 Ke7 49. Qxg6 Kd7 50. Bf5+ Kc7 51. Qe8 Qb2 52. Qd7+ Kb6 53. Qxd6 Qxc3 54. Qxf4 a5 55. Qb8 a4 56. Bc8 Qe1+ 57.
Kh2 Qxf2 58. Qxb7+ Ka5 59. Qa7+ Kb4 60. Qc5+ Kb3 61.
Qb6+ Ka3 62. Qc7 Kb4 63. Qd6+ Kb3 64. Bd7 a3 65. Bxc6 a2 66. Bxd5+ Kb2 67. Qb4+ Ka1 68. Qc3+ Kb1 69. Qb3+ Ka1 70. Qxa2+ 1-0

[Event "Late-Titled-Tuesday-Blitz-April-23-2024"]
[Site "Chess.com"]
[Date "2024.04.23"]
[Round "8"]
[White "rhungaski"]
[Black "Mikhail_Bryakin"]
[Result "0-1"]
[WhiteElo "2520"]
[BlackElo "2825"]
[TimeControl "180+1"]
[EndTime "15:30:07 PDT"]
[Termination "Mikhail_Bryakin won on time"]

1. e4 d5 2. exd5 Nf6 3. Nf3 Nxd5 4. d4 Bg4 5. Be2 g6 6. O-O Bg7 7. h3 Bxf3 8. Bxf3 O-O 9. c3 c6 10. Re1 Nd7 11. g3 e6 12. Bg2 N7f6 13. a4 a5 14. Bg5 Qc7 15. Na3 Nd7 16. Qd2 Rfe8 17. Re2 N5b6 18. Nc2 Qd6 19. h4 Nc4 20. Qc1 Ncb6 21.
Bf4 Qf8 22. Ne3 e5 23. dxe5 Nxe5 24. Qc2 Rad8 25. Bxe5 Rxe5 26. Rd1 Rxd1+ 27. Qxd1 Re8 28. h5 Qc5 29. hxg6 hxg6 30. Ng4 Rxe2 31. Qxe2 Kf8 32. Qd1 Ke7 33. Ne3 Be5 34. Nf1 Qd6 35. Qe2 Kf8 36.
Nd2 Bf6 37. Ne4 Qe5 38. Qd1 Be7 39. Qb3 Bd8 40. Kf1 f5 41. Nd2 Qd6 42. Nf3 Qe7 43.
Nd4 Nc8 44. Ne6+ Ke8 45. Nd4 Qf7 46. Qc2 Bb6 47. Nf3 Qf6 48. Qe2+ Ne7 49. Qc4 Kd7 50.
Nd2 Qd6 51. Qe2 Qf6 52. Nc4 Bc7 53. Qd3+ Kc8 54. Qe2 Kb8 55. Qd3 Kc8 56. Qe2 g5 57.
Qd3 Qe6 58. Bh3 Kb8 59. Ne3 g4 60. Bg2 Bb6 61. Nc4 Bc7 62. Qe2 Qf6 63. Qd3 Qe6 64. Qe2 Qf7 65. Qd3 Ng6 66. Ne3 f4 67. gxf4 Nxf4 68.
Qf5 Qb3 69. Qxg4 Qxb2 70. Qd1 Qxc3 71. Be4 Qh8 0-1

[Event "Late-Titled-Tuesday-Blitz-April-23-2024"]
[Site "Chess.com"]
[Date "2024.04.23"]
[Round "8"]
[White "Jahonas"]
[Black "Fh2411"]
[Result "0-1"]
[WhiteElo "2395"]
[BlackElo "2555"]
[TimeControl "180+1"]
[EndTime "15:30:07 PDT"]
[Termination "Fh2411 won by resignation"]

1. d4 d5 2. Nf3 c6 3. g3 Bf5 4. Bg2 e6 5. O-O Nf6 6. c3 Be7 7. Bf4 O-O 8. Nbd2 Nbd7 9. Nh4 Bg4 10. h3 Bh5 11. g4 Ne8 12. Nhf3 Bg6 13. Ne5 Nxe5 14. Bxe5 Nd6 15. Qb3 Qd7 16. Rae1 f6 17. Bxd6 Bxd6 18. e4 Bf4 19. Re2 Rf7 20. exd5 exd5 21.
Nf3 Bd3 22. Rfe1 Bxe2 23. Rxe2 Re8 24. Bf1 Rfe7 25. Rxe7 Rxe7 26. Kg2 g6 27. Bd3 Kg7 28. Qc2 Bc7 29. a4 Qd6 30. Qb3 Bb8 31. a5 a6 32. Qc2 c5 33. dxc5 Qxc5 34. Nd4 Be5 35. Nf3 Qxa5 36. h4 Qc7 37. h5 Qd7 38. Kh3 gxh5 39. Bf5 hxg4+ 40. Bxg4 Qe8 41. Nh4 Kh8 42. Qf5 Rg7 43. f4 Bc7 44. Qxf6 Bd8 45. Qh6 Bxh4 46. Qxh4 Qe3+ 47. Kh2 Qxf4+ 48. Kh3 Qf1+ 49. Kh2 Qf4+ 50.
Kh3 Qf7 51. Qd8+ Qg8 52. Bf5 Qxd8 0-1

[Event "Late-Titled-Tuesday-Blitz-April-23-2024"]
[Site "Chess.com"]
[Date "2024.04.23"]
[Round "8"]
[White "Good_Knight_Kiss"]
[Black "Romkachess"]
[Result "1-0"]
[WhiteElo "2458"]
[BlackElo "2624"]
[TimeControl "180+1"]
[EndTime "15:30:08 PDT"]
[Termination "Good_Knight_Kiss won on time"]

1. e4 e5 2. Nf3 Nc6 3. Bb5 a6 4. Ba4 Nf6 5. O-O Be7 6. Re1 b5 7. Bb3 d6 8. c3 O-O 9. h3 Nb8 10.
d4 Nbd7 11. Nbd2 Bb7 12. Bc2 c5 13. d5 Re8 14. Nf1 Bf8 15. Ne3 g6 16. Nh2 Bg7 17. Qf3 h5 18. Nhf1 c4 19. Ng3 Bf8 20. Nef1 Nc5 21. Bg5 Be7 22. h4 Ng4 23. Ne3 Nxe3 24. Bxe3 Nd7 25. b3 cxb3 26. axb3 Rc8 27. Ne2 Bxh4 28. g3 Bg5 29. Kg2 Bxe3 30. Qxe3 Qf6 31. Rh1 Nf8 32. Rh4 Rc7 33. Rah1 Bc8 34. f3 Bd7 35.
Qb6 Rec8 36. Qxa6 Rxc3 37. Nxc3 Rxc3 38. Bd1 Qg5 39. Qb6 Qd2+ 40. Qf2 Qg5 41. g4 hxg4 42.
Rh8+ Kg7 43. Qh4 gxf3+ 44. Kf1 Qg2+ 45. Ke1 1-0

[Event "Late-Titled-Tuesday-Blitz-April-23-2024"]
[Site "Chess.com"]
[Date "2024.04.23"]
[Round "8"]
[White "mishanick"]
[Black "bascheyaro"]
[Result "1-0"]
[WhiteElo "3155"]
[BlackElo "2824"]
[TimeControl "180+1"]
[EndTime "15:30:17 PDT"]
[Termination "mishanick won on time"]

1. d4 d5 2. c4 c6 3. Nc3 Nf6 4. Nf3 a6 5. g3 Bf5 6. Bg2 e6 7.
Nh4 Bg6 8. Qb3 Ra7 9. O-O Nbd7 10. Re1 Be7 11. Nxg6 hxg6 12. e4 dxe4 13. Nxe4 Qb6 14.
Qc3 Bb4 15. Qe3 Bxe1 16. Nd6+ Ke7 17. Qxe1 Qxd4 18. Nxf7 Kxf7 19. Be3 Qd6 20. Bxa7 b6 21. c5 bxc5 22. b4 cxb4 23. Rd1 Nd5 24. Bd4 N7f6 25. Be5 Qe7 26. Qe2 a5 27. Qc4 Qb7 28. Rc1 Rc8 29. h4 a4 30. Bh3 c5 31. Re1 b3 32. Bxf6 Kxf6 33. Rxe6+ Kf7 34. Re1 Rd8 35. Be6+ Kf8 36. axb3 axb3 37. Rd1 b2 38. Bxd5 Qxd5 39. Rxd5 b1=Q+ 40. Kh2 Rxd5 41. Qxd5 Qc2 42. Kg2 c4 43. Kf3 c3 44. Qc5+ Kg8 45. Qc4+ Kh7 46. Qd4 Qb3 47.
Qd3 1-0

[Event "Late-Titled-Tuesday-Blitz-April-23-2024"]
[Site "Chess.com"]
[Date "2024.04.23"]
[Round "8"]
[White "Oleksandr_Bortnyk"]
[Black "h4parah5"]
[Result "1-0"]
[WhiteElo "3123"]
[BlackElo "3036"]
[TimeControl "180+1"]
[EndTime "15:30:18 PDT"]
[Termination "Oleksandr_Bortnyk won by resignation"]

1. e4 e5 2. Nf3 Nc6 3. Bb5 a6 4. Ba4 Nf6 5. Nc3 Bc5 6. O-O O-O 7.
Bxc6 dxc6 8. h3 Re8 9. d3 Nd7 10. Be3 Bf8 11. Ne2 f6 12. Qd2 c5 13. g4 Nb8 14. Ng3 Nc6 15. c3 Be6 16. b3 a5 17.
Qc2 a4 18. Nd2 Qd7 19. Nf3 Red8 20. Rad1 axb3 21. axb3 Ra3 22. c4 Rda8 23. Kh2 Ra2 24. Qb1 Nd4 25. Bxd4 cxd4 26. b4 R2a4 27. b5 Rb4 28.
Qc1 Rb3 29. Rg1 Ra2 30. Rd2 Rxd2 31. Qxd2 Bxc4 32. Nxe5 fxe5 33. dxc4 Qf7 34. Nf5 Qxc4 35. Qg5 g6 36. Qd8 Rf3 37. Rg2 Rf4 38. Ne7+ Kg7 39.
Nd5 Qc5 40. Nxf4 exf4 41. Qd7+ Kg8 42. f3 Qc3 43. Qd5+ Kg7 44. Qe5+ Kg8 45. Qd5+ Kg7 46. e5 Qe3 47. Qd7+ Kg8 48. Qd5+ Kg7 49. b6 cxb6 50. Qd7+ Kg8 51. Qd5+ Kg7 52. e6 d3 53. Qd7+ Kg8 54. Qf7+ 1-0

[Event "Late-Titled-Tuesday-Blitz-April-23-2024"]
[Site "Chess.com"]
[Date "2024.04.23"]
[Round "8"]
[White "NikitaShnadrygin"]
[Black "Gravity_Chess"]
[Result "0-1"]
[WhiteElo "2718"]
[BlackElo "2876"]
[TimeControl "180+1"]
[EndTime "15:30:18 PDT"]
[Termination "Gravity_Chess won by resignation"]

1. e4 c5 2. Nf3 e6 3. d4 cxd4 4. Nxd4 Nf6 5. Nc3 Nc6 6. Ndb5 Bb4 7. a3 Bxc3+ 8. Nxc3 d5 9. exd5 exd5 10. Bd3 O-O 11.
O-O d4 12. Ne4 Bf5 13. Bg5 Bxe4 14. Bxe4 Qd6 15. Bxf6 Qxf6 16. Qh5 g6 17. Qc5 Rac8 18. Rad1 b6 19. Qb5 Rfd8 20. Rfe1 Kg7 21. Qa6 Rc7 22.
Qa4 Ne5 23. Bd3 Rd5 24. Be4 Rd6 25. Qb4 a5 26. Qd2 Rc5 27. Bd3 Rdc6 28. Be4 Rd6 29. Bd3 h5 30. h3 g5 31. Re4 g4 32. hxg4 Nxg4 33. g3 Ne5 34. Qe2 Nf3+ 35. Kg2 Ng5 36. Rf4 Qh6 37. Rh1 Ne6 38. Re4 Rg5 39. Kf1 Qf6 40.
Reh4 Rdd5 41. R1h3 Rde5 42. Qd2 Nc5 43. f4 Re3 44. Kg2 Rg4 45. Rxh5 Qxf4 46. Rh8 Rgxg3+ 47. Kh1 Rxh3+ 48. Rxh3 Rxh3+ 49. Kg2 Qxd2+ 50. Kxh3 Qe3+ 0-1